Pick #1

Connor Bedard
Pick #2

Leo Carlsson
Pick #3

Adam Fantilli
Pick #4

Matvei Michkov
Pick #5

David Reinbacher
Pick #6

William Smith
Pick #7

Zachary Benson
Pick #8

Ryan Leonard
Pick #9

Gabriel Perreault
Pick #10

Axel Sandin-Pellika
Pick #11

Daniil But
Pick #12

Dalibor Dvorsky
Pick #13

Quentin Musty
Pick #14

Brayden Yager
Pick #15

Dmitry Simashev
Pick #16

Colby Barlow
Pick #17

Andrew Cristall
Pick #18

Easton Cowan
Pick #19

Jacob Fowler
Pick #20

Oliver Moore
Pick #21

Oliver Bonk
Pick #22

Tom Willander
Pick #23

Calum Ritchie
Pick #24

Tanner Molendyk
Pick #25

Gavin Brindley
Pick #26

Nate Danielson
Pick #27

Pick #28

Pick #29

Pick #30

Pick #31

Pick #32

Pick #33

Pick #34

Pick #35

Pick #36

Pick #37

Pick #38

Pick #39

Pick #40

Pick #41

Pick #42

Pick #43

Pick #44

Pick #45

Pick #46

Pick #47

Pick #48

Pick #49

Pick #50

Pick #51

Pick #52

Pick #53

Pick #54

Pick #55

Pick #56

Pick #57

Pick #58

Pick #59

Pick #60

Pick #61

Pick #62

Pick #63

Pick #64

Pick #65

Pick #66

Pick #67

Pick #68

Pick #69

Pick #70

Pick #71

Pick #72

Pick #73

Pick #74

Pick #75

Pick #76

Pick #77

Pick #78

Pick #79

Pick #80

Pick #81

Pick #82

Pick #83

Pick #84

Pick #85

Pick #86

Pick #87

Pick #88

Pick #89

Pick #90

Pick #91

Pick #92

Pick #93

Pick #94

Pick #95

Pick #96

Pick #97

Pick #98

Pick #99

Pick #100

Pick #101

Pick #102

Pick #103

Pick #104

Pick #105

Pick #106

Pick #107

Pick #108

Pick #109

Pick #110

Pick #111

Pick #112

Pick #113

Pick #114

Pick #115

Pick #116

Pick #117

Pick #118

Pick #119

Pick #120

Pick #121

Pick #122

Pick #123

Pick #124

Pick #125

Pick #126

Pick #127

Pick #128

Pick #129

Pick #130

Full Scoreboard »»

RedWings vs Predators

Created - February 13, 2024 at 21:16

Goals
1 2 3 T
RedWings 0 0 2 2
Predators 0 1 0 1
Shots
1 2 3 T
RedWings 9 6 18 33
Predators 12 16 6 34

GoalsPenalties
1st period
No Goal
Jake McCabe (NSH) for Slashing (Minor) at 5:14
Darnell Nurse (NSH) for Hooking (Minor) at 6:18
2nd period
1. Predators , Taylor Hall 8 (Darnell Nurse 31, Bo Horvat 28) at 4:22
Nick Foligno (DET) for Hooking (Minor) at 1:20
J.T. Miller (NSH) for Checking from behind (Minor) at 8:40
3rd period
2. RedWings , Erik Karlsson 12 (Mark Scheifele 24, John Carlson 32) at 7:09 (PP)
3. RedWings , John Carlson 17 (Erik Karlsson 38, David Pastrnak 10) at 10:12 (PP)
Brandon Carlo (NSH) for Holding (Minor) at 4:15
Ryan Hartman (DET) for Hooking (Minor) at 4:15
Cal Clutterbuck (NSH) for Hooking (Minor) at 6:57
Nikita Zadorov (NSH) for Hooking (Minor) at 8:53
J.T. Miller (NSH) for Charging (Minor) at 11:05
Darnell Nurse (NSH) for Interference (Minor) at 11:25
Goalie Stats
Adin Hill (DET), 33 saves from 34 shots - (0.971), W, 15-12-1, 60:00 minutes
Jaroslav Halak (NSH), 31 saves from 33 shots - (0.939), L, 3-5-1, 60:00 minutes
3 StarsOfficial
1 - Adin Hill (DET)
2 - John Carlson (DET)
3 - Erik Karlsson (DET)
Referees : Terry Koharski and Eric Furlatt
Linesman : Scott Driscoll and Jonny Murray
Game Note
No Game Note
Finance
Level 1 -- Attendance: 5986 (92.09%) -- Ticket Income $658,460
Level 2 -- Attendance: 4661 (93.22%) -- Ticket Income $419,490
Level 3 -- Attendance: 2534 (72.40%) -- Ticket Income $190,050
Level 4 -- Attendance: 1113 (100.00%) -- Ticket Income $77,910
Luxury Box -- Attendance: 905 (90.50%) -- Ticket Income $203,625
Game was played at the Bridgestone Arena.
Total Attendance: 15199 (88.82%)
Total Ticket Income: $1,549,535
Other Income: $387,384
Total Income: $1,936,919



Team Name Goals Shots Shots Attemp Shots Blocked PIM HIT PP PK FO%
RedWings 23370114162 / 7 (29%)043%
Predators 13469816240 / 1 (0%)257%

RedWings
Player Name POS G A P +/- PIM HIT SHT SB MP PP MP PP SHT PK MP PK SHT FO% FOT
Brayden SchennC0000036020:585:1510:38053% 30
David PastrnakRW0110012121:433:3710:00022% 27
David PerronLW0000012018:320:0000:0000% 0
Denis GurianovRW000000008:140:0000:00040% 10
Derick BrassardC000-100008:150:0000:000100% 1
Drew DoughtyD000-1023124:024:2821:1200% 0
Erik KarlssonD1120013326:164:2430:4700% 0
Evgenii DadonovRW0000002015:443:3701:21050% 2
John CarlsonD1120016528:524:2440:4400% 0
Mark ScheifeleC0110013022:473:3710:38073% 11
Nick CousinsC000-1011016:010:0000:00029% 7
Nick FolignoLW000020308:130:0000:000100% 1
Patrik NemethD000000000:000:0000:0000% 0
Phillip Di GiuseppeLW0000030017:505:1500:00067% 3
Ryan HartmanRW0000201019:105:1511:21020% 5
Ryan MurrayD0000000016:104:2801:1500% 0
Seth JonesD000-1011114:580:0000:0000% 0
Stefan NoesenRW000-101008:150:0000:0000% 0
Predators
Player Name POS G A P +/- PIM HIT SHT SB MP PP MP PP SHT PK MP PK SHT FO% FOT
Alex TuchRW0000004019:141:1310:000100% 1
Bo HorvatC0111022014:430:4600:00064% 22
Brandon CarloD0000220323:000:4904:5200% 0
Cal ClutterbuckRW000020005:030:0001:1300% 1
Colton SissonsC0000000010:250:0006:34031% 16
Darnell NurseD0111450223:440:4902:3600% 0
Gabriel VilardiRW0000001014:210:0000:000100% 2
J.T. CompherLW0001003018:350:0004:51050% 6
J.T. MillerC0000436015:321:1300:00075% 24
Jake McCabeD0000210115:320:0004:4000% 0
Kyle ConnorLW0000005017:370:4610:5800% 0
Lucas RaymondLW0000023016:240:4610:00050% 4
Nikita ZadorovD0000230016:520:0004:3300% 0
Roman JosiD0000002019:311:1011:0100% 0
Tage ThompsonC0000012015:380:0000:00050% 20
Taylor HallLW1011023013:351:1300:0000% 0
Thomas ChabotD0001021221:161:1010:0000% 0
Yakov TreninC000001205:250:0001:3410% 1



Play-by-Play

1st period


0:01 of 1st period - Tage Thompson wins face-off versus David Pastrnak in neutral zone.
0:18 of 1st period - Shot by Tage Thompson.
0:18 of 1st period - Deflect By Alex Tuch.
0:18 of 1st period - Stopped by Adin Hill without a rebound.
0:19 of 1st period - Brayden Schenn wins face-off versus J.T. Miller in RedWings zone.
0:21 of 1st period - Seth Jones is hit by J.T. Miller and loses puck.
0:50 of 1st period - Shot by J.T. Miller.
0:50 of 1st period - Stopped by Adin Hill without a rebound.
0:51 of 1st period - Denis Gurianov wins face-off versus Bo Horvat in RedWings zone.
0:51 of 1st period - Denis Gurianov is hit by Bo Horvat.
1:00 of 1st period - Icing by J.T. Compher.
1:01 of 1st period - Bo Horvat wins face-off versus David Pastrnak in Predators zone.
1:07 of 1st period - Icing by Taylor Hall.
1:08 of 1st period - Nick Cousins wins face-off versus Bo Horvat in Predators zone.
1:08 of 1st period - John Carlson is hit by Jake McCabe and loses puck.
1:15 of 1st period - Shot by Taylor Hall.
1:15 of 1st period - Stopped by Adin Hill without a rebound.
1:16 of 1st period - Denis Gurianov wins face-off versus Tage Thompson in RedWings zone.
1:18 of 1st period - Nick Foligno is hit by Lucas Raymond and loses puck.
1:22 of 1st period - Off-side.
1:23 of 1st period - Colton Sissons wins face-off versus David Pastrnak in neutral zone.
2:30 of 1st period - Shot by Evgenii Dadonov.
2:30 of 1st period - Shot Hit the Post.
2:38 of 1st period - Shot by Denis Gurianov.
2:38 of 1st period - Shot Misses the Net.
2:40 of 1st period - Shot by Evgenii Dadonov.
2:40 of 1st period - Stopped by Jaroslav Halak with a rebound.
3:03 of 1st period - Shot by Evgenii Dadonov.
3:03 of 1st period - Shot Misses the Net.
3:39 of 1st period - Shot by Kyle Connor.
3:39 of 1st period - Stopped by Adin Hill without a rebound.
3:40 of 1st period - Nick Cousins wins face-off versus J.T. Compher in RedWings zone.
4:27 of 1st period - Shot by Taylor Hall.
4:27 of 1st period - Shot Misses the Net.
5:01 of 1st period - Drew Doughty is hit by J.T. Miller and loses puck.
5:08 of 1st period - J.T. Miller is hit by David Perron and loses puck.
5:14 of 1st period - Minor Penalty to Jake McCabe for Slashing.
5:15 of 1st period - Brayden Schenn wins face-off versus Colton Sissons in Predators zone.
5:26 of 1st period - Shot by Drew Doughty.
5:26 of 1st period - Shot Misses the Net.
5:51 of 1st period - Shot by Drew Doughty.
5:51 of 1st period - Stopped by Jaroslav Halak without a rebound.
5:52 of 1st period - Mark Scheifele wins face-off versus Yakov Trenin in Predators zone.
5:52 of 1st period - Erik Karlsson is hit by Nikita Zadorov and loses puck.
6:05 of 1st period - Shot by John Carlson.
6:05 of 1st period - Stopped by Jaroslav Halak without a rebound.
6:06 of 1st period - Colton Sissons wins face-off versus Mark Scheifele in Predators zone.
6:17 of 1st period - Shot by Mark Scheifele.
6:17 of 1st period - Shot Misses the Net.
6:18 of 1st period - Minor Penalty to Darnell Nurse for Hooking.
6:19 of 1st period - Brayden Schenn wins face-off versus Colton Sissons in Predators zone.
7:39 of 1st period - Shot by Mark Scheifele.
7:39 of 1st period - Stopped by Jaroslav Halak without a rebound.
7:40 of 1st period - Brayden Schenn wins face-off versus Colton Sissons in Predators zone.
7:45 of 1st period - Shot by Erik Karlsson.
7:45 of 1st period - Stopped by Jaroslav Halak with a rebound.
7:47 of 1st period - Shot by John Carlson.
7:47 of 1st period - Shot Misses the Net.
8:03 of 1st period - Cal Clutterbuck is hit by Phillip Di Giuseppe and loses puck.
8:37 of 1st period - Evgenii Dadonov is hit by Thomas Chabot and loses puck.
9:37 of 1st period - Roman Josi is hit by Drew Doughty and loses puck.
10:43 of 1st period - Off-side.
10:44 of 1st period - Bo Horvat wins face-off versus Denis Gurianov in neutral zone.
11:19 of 1st period - Shot by Bo Horvat.
11:19 of 1st period - Shot Misses the Net.
11:21 of 1st period - Shot by J.T. Compher.
11:21 of 1st period - Stopped by Adin Hill without a rebound.
11:22 of 1st period - J.T. Miller wins face-off versus David Pastrnak in RedWings zone.
11:27 of 1st period - Shot by Kyle Connor.
11:27 of 1st period - Stopped by Adin Hill without a rebound.
11:28 of 1st period - J.T. Miller wins face-off versus Brayden Schenn in RedWings zone.
11:39 of 1st period - Shot by J.T. Miller.
11:39 of 1st period - Stopped by Adin Hill without a rebound.
11:40 of 1st period - Bo Horvat wins face-off versus David Pastrnak in RedWings zone.
11:49 of 1st period - Shot by Taylor Hall.
11:49 of 1st period - Deflect By Bo Horvat.
11:49 of 1st period - Stopped by Adin Hill without a rebound.
11:50 of 1st period - J.T. Miller wins face-off versus Brayden Schenn in RedWings zone.
12:07 of 1st period - Shot by Kyle Connor.
12:07 of 1st period - Shot Blocked by John Carlson.
12:09 of 1st period - Shot by Thomas Chabot.
12:09 of 1st period - Shot Misses the Net.
12:20 of 1st period - Icing by Darnell Nurse.
12:21 of 1st period - J.T. Miller wins face-off versus David Pastrnak in Predators zone.
12:29 of 1st period - Off-side.
12:30 of 1st period - David Pastrnak wins face-off versus Tage Thompson in neutral zone.
12:35 of 1st period - Shot by Mark Scheifele.
12:35 of 1st period - Stopped by Jaroslav Halak with a rebound.
12:38 of 1st period - Icing by Roman Josi.
12:39 of 1st period - Mark Scheifele wins face-off versus Tage Thompson in Predators zone.
12:51 of 1st period - Tage Thompson is hit by Drew Doughty and loses puck.
13:12 of 1st period - Shot by Tage Thompson.
13:12 of 1st period - Stopped by Adin Hill without a rebound.
13:13 of 1st period - Brayden Schenn wins face-off versus Bo Horvat in RedWings zone.
13:13 of 1st period - Brayden Schenn is hit by Taylor Hall.
13:40 of 1st period - Shot by Ryan Hartman.
13:40 of 1st period - Shot Misses the Net.
13:53 of 1st period - Ryan Murray is hit by Taylor Hall and loses puck.
14:43 of 1st period - Off-side.
14:44 of 1st period - David Pastrnak wins face-off versus Tage Thompson in neutral zone.
14:55 of 1st period - John Carlson is hit by Brandon Carlo.
15:03 of 1st period - Shot by David Perron.
15:03 of 1st period - Shot Misses the Net.
15:05 of 1st period - Shot by Mark Scheifele.
15:05 of 1st period - Shot Misses the Net.
15:11 of 1st period - Shot by Mark Scheifele.
15:11 of 1st period - Shot Misses the Net.
16:16 of 1st period - Shot by Nick Foligno.
16:16 of 1st period - Shot Misses the Net.
16:18 of 1st period - Shot by Evgenii Dadonov.
16:18 of 1st period - Stopped by Jaroslav Halak without a rebound.
16:19 of 1st period - Bo Horvat wins face-off versus Nick Cousins in Predators zone.
16:48 of 1st period - Shot by Stefan Noesen.
16:48 of 1st period - Shot Misses the Net.
17:51 of 1st period - Shot by David Pastrnak.
17:51 of 1st period - Shot Blocked by Thomas Chabot.
17:53 of 1st period - Shot by Drew Doughty.
17:53 of 1st period - Shot Blocked by Thomas Chabot.
18:17 of 1st period - Shot by David Perron.
18:17 of 1st period - Stopped by Jaroslav Halak without a rebound.
18:18 of 1st period - Brayden Schenn wins face-off versus Lucas Raymond in Predators zone.
18:37 of 1st period - Shot by Alex Tuch.
18:37 of 1st period - Shot Misses the Net.
18:39 of 1st period - Shot by Alex Tuch.
18:39 of 1st period - Shot Misses the Net.
18:41 of 1st period - Shot by Roman Josi.
18:41 of 1st period - Shot Misses the Net.
18:43 of 1st period - Shot by Roman Josi.
18:43 of 1st period - Stopped by Adin Hill without a rebound.
18:44 of 1st period - Bo Horvat wins face-off versus Denis Gurianov in RedWings zone.
18:53 of 1st period - Shot by J.T. Compher.
18:53 of 1st period - Stopped by Adin Hill without a rebound.
18:54 of 1st period - David Pastrnak wins face-off versus Cal Clutterbuck in RedWings zone.
19:14 of 1st period - Shot by Yakov Trenin.
19:14 of 1st period - Stopped by Adin Hill without a rebound.
19:15 of 1st period - Tage Thompson wins face-off versus Brayden Schenn in RedWings zone.
19:27 of 1st period - Icing by Seth Jones.
19:28 of 1st period - Bo Horvat wins face-off versus Brayden Schenn in RedWings zone.
19:40 of 1st period - Icing by Seth Jones.
19:41 of 1st period - Tage Thompson wins face-off versus Brayden Schenn in RedWings zone.
19:52 of 1st period - Shot by Brayden Schenn.
19:52 of 1st period - Shot Misses the Net.
19:54 of 1st period - Shot by Drew Doughty.
19:54 of 1st period - Stopped by Jaroslav Halak with a rebound.
Goals for this period are 0 for RedWings vs 0 for Predators.
Shots for this period are 9 for RedWings vs 12 for Predators.

2nd period


0:01 of 2nd period - J.T. Miller wins face-off versus David Pastrnak in neutral zone.
0:48 of 2nd period - Brandon Carlo is hit by Mark Scheifele and loses puck.
1:20 of 2nd period - Minor Penalty to Nick Foligno for Hooking.
1:21 of 2nd period - Bo Horvat wins face-off versus Ryan Hartman in RedWings zone.
1:24 of 2nd period - Shot by Kyle Connor.
1:24 of 2nd period - Stopped by Adin Hill without a rebound.
1:25 of 2nd period - J.T. Miller wins face-off versus Ryan Hartman in RedWings zone.
1:42 of 2nd period - Shot by Alex Tuch.
1:42 of 2nd period - Stopped by Adin Hill with a rebound.
2:45 of 2nd period - Shot by Bo Horvat.
2:45 of 2nd period - Shot Misses the Net.
2:49 of 2nd period - Shot by Kyle Connor.
2:49 of 2nd period - Shot Blocked by Erik Karlsson.
2:53 of 2nd period - Shot by Lucas Raymond.
2:53 of 2nd period - Stopped by Adin Hill with a rebound.
2:55 of 2nd period - Shot by Thomas Chabot.
2:55 of 2nd period - Stopped by Adin Hill without a rebound.
2:56 of 2nd period - J.T. Miller wins face-off versus Ryan Hartman in RedWings zone.
3:07 of 2nd period - Shot by Roman Josi.
3:07 of 2nd period - Stopped by Adin Hill with a rebound.
3:09 of 2nd period - Shot by Alex Tuch.
3:09 of 2nd period - Shot Blocked by John Carlson.
4:22 of 2nd period - Shot by Taylor Hall.
4:22 of 2nd period - Goal by Taylor Hall - RedWings : 0 - Predators : 1.
4:23 of 2nd period - Tage Thompson wins face-off versus David Pastrnak in neutral zone.
4:30 of 2nd period - Shot by Tage Thompson.
4:30 of 2nd period - Shot Misses the Net.
4:33 of 2nd period - Icing by John Carlson.
4:34 of 2nd period - Lucas Raymond wins face-off versus David Pastrnak in RedWings zone.
4:34 of 2nd period - Lucas Raymond is hit by John Carlson.
4:49 of 2nd period - John Carlson is hit by Darnell Nurse and loses puck.
5:17 of 2nd period - John Carlson is hit by Darnell Nurse and loses puck.
5:43 of 2nd period - Off-side.
5:44 of 2nd period - J.T. Miller wins face-off versus Denis Gurianov in neutral zone.
6:09 of 2nd period - Seth Jones is hit by J.T. Miller and loses puck.
6:52 of 2nd period - Icing by Brandon Carlo.
6:53 of 2nd period - Bo Horvat wins face-off versus David Pastrnak in Predators zone.
6:58 of 2nd period - Shot by Mark Scheifele.
6:58 of 2nd period - Shot Blocked by Brandon Carlo.
7:00 of 2nd period - Shot by Erik Karlsson.
7:00 of 2nd period - Shot Misses the Net.
7:24 of 2nd period - Shot by Bo Horvat.
7:24 of 2nd period - Shot Misses the Net.
7:57 of 2nd period - Off-side.
7:58 of 2nd period - Brayden Schenn wins face-off versus Tage Thompson in neutral zone.
8:00 of 2nd period - Off-side.
8:01 of 2nd period - Alex Tuch wins face-off versus Ryan Hartman in neutral zone.
8:25 of 2nd period - Shot by Brayden Schenn.
8:25 of 2nd period - Stopped by Jaroslav Halak without a rebound.
8:26 of 2nd period - Nick Foligno wins face-off versus J.T. Miller in Predators zone.
8:35 of 2nd period - Shot by Kyle Connor.
8:35 of 2nd period - Stopped by Adin Hill without a rebound.
8:36 of 2nd period - J.T. Miller wins face-off versus David Pastrnak in RedWings zone.
8:40 of 2nd period - Minor Penalty to J.T. Miller for Checking from behind.
8:41 of 2nd period - Colton Sissons wins face-off versus Mark Scheifele in Predators zone.
9:34 of 2nd period - John Carlson is hit by Darnell Nurse and loses puck.
9:59 of 2nd period - Shot by Ryan Hartman.
9:59 of 2nd period - Deflect By Brayden Schenn.
9:59 of 2nd period - Stopped by Jaroslav Halak with a rebound.
10:05 of 2nd period - Phillip Di Giuseppe is hit by Yakov Trenin and loses puck.
10:10 of 2nd period - Shot by Yakov Trenin.
10:10 of 2nd period - Stopped by Adin Hill without a rebound.
10:11 of 2nd period - Brayden Schenn wins face-off versus Colton Sissons in RedWings zone.
10:18 of 2nd period - Shot by Ryan Hartman.
10:18 of 2nd period - Deflect By Brayden Schenn.
10:18 of 2nd period - Shot Misses the Net.
10:44 of 2nd period - Shot by John Carlson.
10:44 of 2nd period - Stopped by Jaroslav Halak without a rebound.
10:45 of 2nd period - Tage Thompson wins face-off versus Nick Cousins in Predators zone.
10:45 of 2nd period - Tage Thompson is hit by Stefan Noesen.
11:40 of 2nd period - Icing by John Carlson.
11:41 of 2nd period - J.T. Miller wins face-off versus Nick Cousins in RedWings zone.
11:49 of 2nd period - Icing by John Carlson.
11:50 of 2nd period - Bo Horvat wins face-off versus Nick Cousins in RedWings zone.
11:50 of 2nd period - Darnell Nurse is hit by Erik Karlsson and loses puck.
12:05 of 2nd period - Shot by J.T. Compher.
12:05 of 2nd period - Stopped by Adin Hill without a rebound.
12:06 of 2nd period - J.T. Miller wins face-off versus David Pastrnak in RedWings zone.
12:54 of 2nd period - Icing by Drew Doughty.
12:55 of 2nd period - Bo Horvat wins face-off versus David Pastrnak in RedWings zone.
13:50 of 2nd period - Shot by Brayden Schenn.
13:50 of 2nd period - Stopped by Jaroslav Halak without a rebound.
13:51 of 2nd period - Tage Thompson wins face-off versus Evgenii Dadonov in Predators zone.
14:10 of 2nd period - Shot by Alex Tuch.
14:10 of 2nd period - Shot Misses the Net.
15:10 of 2nd period - Icing by J.T. Miller.
15:11 of 2nd period - Brayden Schenn wins face-off versus J.T. Miller in Predators zone.
15:19 of 2nd period - Stefan Noesen is hit by Nikita Zadorov and loses puck.
16:02 of 2nd period - Shot by Bo Horvat.
16:02 of 2nd period - Shot Misses the Net.
16:04 of 2nd period - Shot by Taylor Hall.
16:04 of 2nd period - Stopped by Adin Hill without a rebound.
16:05 of 2nd period - David Pastrnak wins face-off versus Tage Thompson in RedWings zone.
16:05 of 2nd period - David Pastrnak is hit by Lucas Raymond.
16:13 of 2nd period - Alex Tuch is hit by David Pastrnak and loses puck.
16:18 of 2nd period - Shot by Mark Scheifele.
16:18 of 2nd period - Stopped by Jaroslav Halak without a rebound.
16:19 of 2nd period - Bo Horvat wins face-off versus Denis Gurianov in Predators zone.
17:06 of 2nd period - Shot by Taylor Hall.
17:06 of 2nd period - Deflect By J.T. Compher.
17:06 of 2nd period - Shot Misses the Net.
17:41 of 2nd period - Shot by David Perron.
17:41 of 2nd period - Shot Misses the Net.
17:49 of 2nd period - Shot by Tage Thompson.
17:49 of 2nd period - Shot Misses the Net.
18:01 of 2nd period - Shot by Tage Thompson.
18:01 of 2nd period - Stopped by Adin Hill without a rebound.
18:02 of 2nd period - Gabriel Vilardi wins face-off versus Brayden Schenn in RedWings zone.
18:23 of 2nd period - Shot by J.T. Miller.
18:23 of 2nd period - Stopped by Adin Hill without a rebound.
18:24 of 2nd period - Tage Thompson wins face-off versus Nick Cousins in RedWings zone.
18:38 of 2nd period - Icing by Brandon Carlo.
18:39 of 2nd period - Tage Thompson wins face-off versus Brayden Schenn in Predators zone.
18:48 of 2nd period - Shot by Lucas Raymond.
18:48 of 2nd period - Shot Blocked by Erik Karlsson.
18:52 of 2nd period - Shot by Alex Tuch.
18:52 of 2nd period - Stopped by Adin Hill without a rebound.
18:53 of 2nd period - J.T. Miller wins face-off versus David Pastrnak in RedWings zone.
18:56 of 2nd period - Shot by Gabriel Vilardi.
18:56 of 2nd period - Stopped by Adin Hill without a rebound.
18:57 of 2nd period - Lucas Raymond wins face-off versus Brayden Schenn in RedWings zone.
19:00 of 2nd period - Shot by Tage Thompson.
19:00 of 2nd period - Shot Misses the Net.
19:29 of 2nd period - Ryan Hartman is hit by Thomas Chabot and loses puck.
19:34 of 2nd period - Shot by Brayden Schenn.
19:34 of 2nd period - Stopped by Jaroslav Halak without a rebound.
19:35 of 2nd period - J.T. Miller wins face-off versus David Pastrnak in Predators zone.
19:41 of 2nd period - Off-side.
19:42 of 2nd period - J.T. Miller wins face-off versus David Pastrnak in neutral zone.
19:53 of 2nd period - Shot by Kyle Connor.
19:53 of 2nd period - Stopped by Adin Hill with a rebound.
19:55 of 2nd period - Shot by J.T. Miller.
19:55 of 2nd period - Stopped by Adin Hill without a rebound.
19:56 of 2nd period - Brayden Schenn wins face-off versus Tage Thompson in RedWings zone.
Goals for this period are 0 for RedWings vs 1 for Predators.
Shots for this period are 6 for RedWings vs 16 for Predators.

3rd period


0:01 of 3rd period - J.T. Miller wins face-off versus David Pastrnak in neutral zone.
0:20 of 3rd period - Shot by Kyle Connor.
0:20 of 3rd period - Shot Blocked by David Pastrnak.
0:22 of 3rd period - Shot by J.T. Miller.
0:22 of 3rd period - Shot Misses the Net.
0:36 of 3rd period - Shot by J.T. Miller.
0:36 of 3rd period - Shot Misses the Net.
1:11 of 3rd period - Brayden Schenn is hit by Tage Thompson and loses puck.
1:22 of 3rd period - Shot by Tage Thompson.
1:22 of 3rd period - Deflect By Alex Tuch.
1:22 of 3rd period - Stopped by Adin Hill without a rebound.
1:23 of 3rd period - Denis Gurianov wins face-off versus Bo Horvat in RedWings zone.
1:37 of 3rd period - Shot by Nick Foligno.
1:37 of 3rd period - Shot Misses the Net.
1:39 of 3rd period - Shot by Denis Gurianov.
1:39 of 3rd period - Shot Misses the Net.
1:41 of 3rd period - Shot by Nick Cousins.
1:41 of 3rd period - Shot Blocked by Jake McCabe.
1:43 of 3rd period - Shot by Evgenii Dadonov.
1:43 of 3rd period - Shot Misses the Net.
1:51 of 3rd period - Shot by Nick Foligno.
1:51 of 3rd period - Stopped by Jaroslav Halak without a rebound.
1:52 of 3rd period - Brayden Schenn wins face-off versus Tage Thompson in Predators zone.
2:15 of 3rd period - Ryan Hartman is hit by Darnell Nurse and loses puck.
2:19 of 3rd period - Icing by Alex Tuch.
2:20 of 3rd period - Tage Thompson wins face-off versus Denis Gurianov in Predators zone.
2:44 of 3rd period - Icing by Darnell Nurse.
2:45 of 3rd period - Ryan Hartman wins face-off versus Lucas Raymond in Predators zone.
2:53 of 3rd period - Phillip Di Giuseppe is hit by Darnell Nurse and loses puck.
3:09 of 3rd period - Icing by Darnell Nurse.
3:10 of 3rd period - Mark Scheifele wins face-off versus Tage Thompson in Predators zone.
3:37 of 3rd period - Shot by Mark Scheifele.
3:37 of 3rd period - Shot Blocked by Brandon Carlo.
3:44 of 3rd period - Icing by Roman Josi.
3:45 of 3rd period - Brayden Schenn wins face-off versus Bo Horvat in Predators zone.
4:15 of 3rd period - Minor Penalty to Brandon Carlo for Holding.
4:15 of 3rd period - Minor Penalty to Ryan Hartman for Hooking.
4:16 of 3rd period - J.T. Compher wins face-off versus Brayden Schenn in Predators zone.
4:18 of 3rd period - Icing by Alex Tuch.
4:19 of 3rd period - J.T. Compher wins face-off versus Brayden Schenn in Predators zone.
4:31 of 3rd period - Icing by Erik Karlsson.
4:32 of 3rd period - Evgenii Dadonov wins face-off versus J.T. Compher in RedWings zone.
5:03 of 3rd period - Shot by Brayden Schenn.
5:03 of 3rd period - Stopped by Jaroslav Halak without a rebound.
5:04 of 3rd period - Bo Horvat wins face-off versus Brayden Schenn in Predators zone.
5:04 of 3rd period - Bo Horvat is hit by Brayden Schenn.
5:58 of 3rd period - Shot by J.T. Compher.
5:58 of 3rd period - Shot Hit the Post.
6:33 of 3rd period - Stefan Noesen is hit by Brandon Carlo and loses puck.
6:44 of 3rd period - Shot by Yakov Trenin.
6:44 of 3rd period - Shot Blocked by Seth Jones.
6:46 of 3rd period - Shot by Yakov Trenin.
6:46 of 3rd period - Shot Blocked by Drew Doughty.
6:57 of 3rd period - Minor Penalty to Cal Clutterbuck for Hooking.
6:58 of 3rd period - Mark Scheifele wins face-off versus Colton Sissons in Predators zone.
7:09 of 3rd period - Shot by Erik Karlsson.
7:09 of 3rd period - Goal by Erik Karlsson - RedWings : 1 - Predators : 1.
7:10 of 3rd period - Mark Scheifele wins face-off versus J.T. Miller in neutral zone.
7:24 of 3rd period - Shot by Kyle Connor.
7:24 of 3rd period - Deflect By J.T. Miller.
7:24 of 3rd period - Stopped by Adin Hill without a rebound.
7:25 of 3rd period - Phillip Di Giuseppe wins face-off versus Tage Thompson in RedWings zone.
7:56 of 3rd period - Shot by Ryan Hartman.
7:56 of 3rd period - Deflect By Brayden Schenn.
7:56 of 3rd period - Stopped by Jaroslav Halak without a rebound.
7:57 of 3rd period - J.T. Miller wins face-off versus David Pastrnak in Predators zone.
8:12 of 3rd period - Shot by Darnell Nurse.
8:12 of 3rd period - Shot Blocked by John Carlson.
8:14 of 3rd period - Shot by Darnell Nurse.
8:14 of 3rd period - Shot Blocked by John Carlson.
8:16 of 3rd period - Shot by Darnell Nurse.
8:16 of 3rd period - Shot Misses the Net.
8:18 of 3rd period - Shot by J.T. Miller.
8:18 of 3rd period - Shot Misses the Net.
8:51 of 3rd period - Icing by John Carlson.
8:52 of 3rd period - Mark Scheifele wins face-off versus Bo Horvat in RedWings zone.
8:52 of 3rd period - Mark Scheifele is hit by Bo Horvat.
8:53 of 3rd period - Minor Penalty to Nikita Zadorov for Hooking.
8:54 of 3rd period - Brayden Schenn wins face-off versus Colton Sissons in Predators zone.
9:28 of 3rd period - Shot by Ryan Hartman.
9:28 of 3rd period - Stopped by Jaroslav Halak with a rebound.
10:12 of 3rd period - Shot by John Carlson.
10:12 of 3rd period - Goal by John Carlson - RedWings : 2 - Predators : 1.
10:13 of 3rd period - Derick Brassard wins face-off versus J.T. Miller in neutral zone.
10:21 of 3rd period - Shot by J.T. Miller.
10:21 of 3rd period - Shot Misses the Net.
10:29 of 3rd period - Shot by Nick Cousins.
10:29 of 3rd period - Stopped by Jaroslav Halak without a rebound.
10:30 of 3rd period - Tage Thompson wins face-off versus Denis Gurianov in Predators zone.
10:38 of 3rd period - Shot by Alex Tuch.
10:38 of 3rd period - Deflect By Tage Thompson.
10:38 of 3rd period - Shot Blocked by John Carlson.
10:40 of 3rd period - Shot by Lucas Raymond.
10:40 of 3rd period - Shot Blocked by Erik Karlsson.
10:42 of 3rd period - Shot by Roman Josi.
10:42 of 3rd period - Shot Hit the Post.
10:44 of 3rd period - Shot by Lucas Raymond.
10:44 of 3rd period - Shot Misses the Net.
11:00 of 3rd period - Shot by Alex Tuch.
11:00 of 3rd period - Deflect By Lucas Raymond.
11:00 of 3rd period - Stopped by Adin Hill without a rebound.
11:01 of 3rd period - Gabriel Vilardi wins face-off versus David Pastrnak in RedWings zone.
11:01 of 3rd period - Kyle Connor is hit by Nick Cousins and loses puck.
11:05 of 3rd period - Minor Penalty to J.T. Miller for Charging.
11:06 of 3rd period - Colton Sissons wins face-off versus Phillip Di Giuseppe in Predators zone.
11:06 of 3rd period - Colton Sissons is hit by Phillip Di Giuseppe.
11:25 of 3rd period - Minor Penalty to Darnell Nurse for Interference.
11:26 of 3rd period - Mark Scheifele wins face-off versus Colton Sissons in Predators zone.
11:27 of 3rd period - Shot by John Carlson.
11:27 of 3rd period - Stopped by Jaroslav Halak with a rebound.
11:53 of 3rd period - Shot by David Pastrnak.
11:53 of 3rd period - Stopped by Jaroslav Halak without a rebound.
11:54 of 3rd period - J.T. Compher wins face-off versus Brayden Schenn in Predators zone.
11:54 of 3rd period - J.T. Compher is hit by Brayden Schenn.
12:03 of 3rd period - Icing by Drew Doughty.
12:04 of 3rd period - Brayden Schenn wins face-off versus Colton Sissons in RedWings zone.
12:18 of 3rd period - Icing by Drew Doughty.
12:19 of 3rd period - Brayden Schenn wins face-off versus Colton Sissons in RedWings zone.
12:43 of 3rd period - Shot by Drew Doughty.
12:43 of 3rd period - Stopped by Jaroslav Halak without a rebound.
12:44 of 3rd period - David Pastrnak wins face-off versus Colton Sissons in Predators zone.
12:44 of 3rd period - Erik Karlsson is hit by Nikita Zadorov and loses puck.
12:47 of 3rd period - Shot by John Carlson.
12:47 of 3rd period - Shot Blocked by Brandon Carlo.
12:49 of 3rd period - Shot by Erik Karlsson.
12:49 of 3rd period - Shot Misses the Net.
12:51 of 3rd period - Shot by Erik Karlsson.
12:51 of 3rd period - Shot Misses the Net.
12:53 of 3rd period - Shot by John Carlson.
12:53 of 3rd period - Stopped by Jaroslav Halak without a rebound.
12:54 of 3rd period - Mark Scheifele wins face-off versus J.T. Compher in Predators zone.
13:05 of 3rd period - Shot by Erik Karlsson.
13:05 of 3rd period - Stopped by Jaroslav Halak without a rebound.
13:06 of 3rd period - Brayden Schenn wins face-off versus Colton Sissons in Predators zone.
13:47 of 3rd period - Shot by Lucas Raymond.
13:47 of 3rd period - Shot Misses the Net.
13:57 of 3rd period - Shot by Lucas Raymond.
13:57 of 3rd period - Stopped by Adin Hill without a rebound.
13:58 of 3rd period - Phillip Di Giuseppe wins face-off versus Bo Horvat in RedWings zone.
14:05 of 3rd period - Shot by John Carlson.
14:05 of 3rd period - Stopped by Jaroslav Halak without a rebound.
14:06 of 3rd period - Bo Horvat wins face-off versus Brayden Schenn in Predators zone.
14:06 of 3rd period - Bo Horvat is hit by Brayden Schenn.
14:42 of 3rd period - Shot by Brayden Schenn.
14:42 of 3rd period - Deflect By Ryan Hartman.
14:42 of 3rd period - Shot Misses the Net.
15:56 of 3rd period - Shot by Gabriel Vilardi.
15:56 of 3rd period - Shot Misses the Net.
16:40 of 3rd period - Off-side.
16:41 of 3rd period - Colton Sissons wins face-off versus Brayden Schenn in neutral zone.
17:14 of 3rd period - Colton Sissons is hit by Phillip Di Giuseppe and loses puck.
18:02 of 3rd period - Shot by Taylor Hall.
18:02 of 3rd period - Deflect By Bo Horvat.
18:02 of 3rd period - Stopped by Adin Hill without a rebound.
18:03 of 3rd period - J.T. Miller wins face-off versus David Pastrnak in RedWings zone.
18:03 of 3rd period - Darnell Nurse is hit by Seth Jones and loses puck.
18:08 of 3rd period - Shot by J.T. Miller.
18:08 of 3rd period - Stopped by Adin Hill without a rebound.
18:09 of 3rd period - J.T. Miller wins face-off versus Mark Scheifele in RedWings zone.
18:21 of 3rd period - Icing by Seth Jones.
18:22 of 3rd period - Bo Horvat wins face-off versus David Pastrnak in RedWings zone.
18:42 of 3rd period - Shot by David Pastrnak.
18:42 of 3rd period - Shot Misses the Net.
18:44 of 3rd period - Shot by Drew Doughty.
18:44 of 3rd period - Shot Misses the Net.
18:46 of 3rd period - Shot by Seth Jones.
18:46 of 3rd period - Stopped by Jaroslav Halak without a rebound.
18:47 of 3rd period - Denis Gurianov wins face-off versus J.T. Miller in Predators zone.
18:55 of 3rd period - Shot by Nick Foligno.
18:55 of 3rd period - Shot Misses the Net.
18:57 of 3rd period - Shot by Nick Foligno.
18:57 of 3rd period - Stopped by Jaroslav Halak with a rebound.
18:59 of 3rd period - Shot by Nick Cousins.
18:59 of 3rd period - Shot Misses the Net.
19:01 of 3rd period - Shot by Evgenii Dadonov.
19:01 of 3rd period - Deflect By Nick Foligno.
19:01 of 3rd period - Stopped by Jaroslav Halak without a rebound.
19:02 of 3rd period - David Pastrnak wins face-off versus Bo Horvat in Predators zone.
19:03 of 3rd period - Shot by Erik Karlsson.
19:03 of 3rd period - Shot Misses the Net.
19:05 of 3rd period - Shot by David Perron.
19:05 of 3rd period - Shot Blocked by Darnell Nurse.
19:07 of 3rd period - Shot by David Pastrnak.
19:07 of 3rd period - Stopped by Jaroslav Halak with a rebound.
19:39 of 3rd period - Shot by David Pastrnak.
19:39 of 3rd period - Shot Misses the Net.
19:41 of 3rd period - Shot by Erik Karlsson.
19:41 of 3rd period - Deflect By David Perron.
19:41 of 3rd period - Stopped by Jaroslav Halak with a rebound.
19:43 of 3rd period - Shot by Erik Karlsson.
19:43 of 3rd period - Shot Blocked by Darnell Nurse.
19:55 of 3rd period - Shot by David Pastrnak.
19:55 of 3rd period - Shot Misses the Net.
Goals for this period are 2 for RedWings vs 0 for Predators.
Shots for this period are 18 for RedWings vs 6 for Predators.